 Dungeon Crawl Stone Soup version 0.31-a0-1308-ga3cce3a448 (webtiles) character file.

Game seed: 6416706859837820655

368 Sobieck the Conjurer (level 6, -1/32 HPs)
             Began as a Deep Elf Conjurer on Dec 19, 2023.
             Was an Initiate of Vehumet.
             Slain by Pikel
             ... wielding a +0 whip of freezing
              (3 damage)
             ... on level 4 of the Dungeon.
             The game lasted 00:06:00 (3496 turns).

Sobieck the Conjurer (Deep Elf Conjurer)            Turns: 3496, Time: 00:06:00

Health: -1/32      AC:  4    Str:  4    XL:     6   Next: 41%
Magic:  6/16       EV: 12    Int: 25    God:    Vehumet [......]
Gold:   119        SH:  5    Dex: 13    Spells: 9/16 levels left

rFire   . . .        (no weapon)
rCold   . . .        (no shield)
rNeg    . . .        a - +0 robe
rPois   .            (no helmet)
rElec   .            (no cloak)
rCorr   .            (no gloves)
SInv    .            h - +1 pair of boots
Will    .....        m - amulet of reflection
Stlth   ++           (no ring)
HPRegen 0.25/turn    (no ring)
MPRegen 0.15/turn

%: reflection
@: no status effects
A: no striking features
a: Renounce Religion


You were on level 4 of the Dungeon.
You worshipped Vehumet.
Vehumet was noncommittal.
You visited 1 branch of the dungeon, and saw 4 of its levels.

You collected 119 gold pieces.

Inventory:

Armour
 a - a +0 robe (worn)
 h - a +1 pair of boots (worn)
 k - a +0 cloak
Jewellery
 m - an amulet of reflection (around neck)
Scrolls
 c - a scroll of immolation {unknown}
 f - a scroll of teleportation {unknown}
Potions
 b - a potion of magic
 d - a potion of attraction
 e - a potion of heal wounds
 j - a potion of mutation {unknown}
 l - 2 potions of brilliance {unknown}
 Q - 2 potions of curing


   Skills:
 - Level 2.4 Dodging
 - Level 2.4 Stealth
 + Level 5.9 Spellcasting
 + Level 6.0 Conjurations
 + Level 4.6 Hexes


You had 9 spell levels left.
You knew the following spells:

 Your Spells              Type           Power      Damage    Failure   Level
a - Magic Dart            Conj           100%       1d8       1%          1
b - Searing Ray           Conj           74%        2d7       1%          2
c - Fulminant Prism       Conj/Hex       17%        3d11      9%          4

Your spell library contained the following spells:

 Spells                   Type           Power      Damage    Failure   Level
 Jinxbite                 Hex            60%        N/A       1%          2
 Dazzling Flash           Conj/Hex       68%        N/A       2%          3
 Hailstorm                Conj/Ice       22%        3d7       6%          3
 Apportation              Tloc           14%        N/A       8%          1
 Freeze                   Ice            28%        1d5       8%          1
 Frozen Ramparts          Ice            14%        1d3       22%         3
 Iskenderun's Mystic Bla  Conj/Tloc      22%        2d6       22%         4
 Alistair's Intoxication  Tmut/Pois      4%         N/A       91%         5


Dungeon Overview and Level Annotations

Branches:
Dungeon (4/15)
 Temple: D:4-7

Altars:
Vehumet

Shops:
D:3 (

Annotations:
D:4 Pikel


Message History

(Press . to maintain the ray.)
The searing ray hits Pikel.
Pikel is heavily wounded.
The searing ray hits Pikel.
Pikel is severely wounded.
The searing ray hits the lemure!
The lemure is moderately wounded.
The searing ray hits Pikel but does no damage.
Pikel is severely wounded.
The searing ray hits the lemure!
The lemure is heavily wounded.
You finish channelling your searing ray.
Pikel checks his coin pouch and frowns.
Pikel hits you with a +0 whip of freezing.
Pikel freezes you.
Casting: Searing Ray (safe; 1% risk of failure)
Confirm with . or Enter, or press ? or * to list all spells.
Aiming: Searing Ray (safe; 1% risk of failure)
Press: ? - help, Shift-Dir - straight line, f/p - Pikel
Aim: Pikel, wielding a +0 whip of freezing and wearing a +0 robe (severely wounded, 76% to hit)
The searing ray hits Pikel!
Pikel is almost dead.
The searing ray hits the lemure.
The lemure is severely wounded. (Press . to maintain the ray.) Pikel barely misses you.
The searing ray hits Pikel but does no damage.
Pikel is almost dead.
The searing ray hits the lemure.
The lemure is almost dead.
The searing ray hits the lemure.
The lemure is lightly wounded.
Pikel hits you with a +0 whip of freezing!
Pikel freezes you.
The searing ray hits Pikel but does no damage.
Pikel is almost dead.
The searing ray misses the lemure.
The searing ray hits the lemure!
The lemure is heavily wounded.
Pikel hits you with a +0 whip of freezing.
Pikel freezes you.
* * * LOW HITPOINT WARNING * * *
The searing ray hits Pikel.
Pikel is almost dead.
The searing ray misses the lemure. x2
You finish channelling your searing ray.
Pikel hits you with a +0 whip of freezing.
* * * LOW HITPOINT WARNING * * *
Pikel freezes you.
You die...
Pikel says, "Another soul for the market."

###..........#
.........###..>.
.........# ####
######..## #..#
#.5# ##5# #K#
#@# #.# #.# #.#
#.# #.#
#########.#
..(......#.###
######.###..#


You could see Pikel and 2 lemures.

Vanquished Creatures
  Eustachio (D:4)
  A water moccasin (D:4)
  2 lemures
  4 adders
  2 worms (D:2)
  4 orcs
  7 bats
  11 endoplasms
  3 giant cockroaches
  7 goblins
  6 hobgoblins
  4 jackals (D:1)
  A quokka (D:3)
  6 ball pythons
  A frilled lizard (D:2)
  4 kobolds
  3 rats
67 creatures vanquished.

Notes
Turn   | Place    | Note
-------+----------+-------------------------------------------
     0 | D:1      | Sobieck the Deep Elf Conjurer began the quest for the Orb.
     0 | D:1      | Reached XP level 1. HP: 10/10 MP: 6/6
   161 | D:1      | Reached skill level 1 in Hexes
   201 | D:1      | Reached XP level 2. HP: 15/15 MP: 4/8
   535 | D:1      | Found a faded altar of an unknown god.
   539 | D:1      | Learned a level 2 spell: Searing Ray
  1206 | D:2      | Reached XP level 3. HP: 19/19 MP: 7/10
  1353 | D:2      | Found a radiant altar of Vehumet.
  1455 | D:2      | Became a worshipper of Vehumet
  1783 | D:2      | Reached skill level 5 in Conjurations
  1831 | D:2      | Reached XP level 4. HP: 24/24 MP: 6/12
  2217 | D:3      | Found Uneagud's Antique Weapon Boutique.
  2607 | D:3      | Reached skill level 3 in Hexes
  2729 | D:4      | Noticed Eustachio
  2744 | D:4      | Killed Eustachio
  2745 | D:4      | Reached XP level 5. HP: 28/28 MP: 1/14
  2823 | D:4      | Noticed a lemure
  2918 | D:3      | Killed a lemure
  2971 | D:4      | Noticed Pikel
  3104 | D:4      | Noticed a water moccasin
  3111 | D:4      | Killed a water moccasin
  3112 | D:4      | Reached skill level 6 in Conjurations
  3112 | D:4      | Reached XP level 6. HP: 32/32 MP: 5/16
  3280 | D:4      | Learned a level 4 spell: Fulminant Prism
  3496 | D:4      | Slain by Pikel

Illustrated notes

Levels and vault maps discovered:
D:1:      lemuel_arrival_hallway, layout_basic,
          shapermc_ecumenical_altar_mp_urbaneastern
D:2:      layout_rooms, basic_altar, chequers_serial_rivers_small_b
D:3:      layout_basic, serial_shops, nicolae_shop_tiny_real_fake_doors,
          kennysheep_generic_room_3
D:4:      layout_loops_ring, uniq_menkaure, uniq_pikel, uniq_eustachio

Skill      XL: |  1  2  3  4  5 |
---------------+----------------+-----
Hexes          | 1 2 4 |  4.6
Spellcasting   | 4 5 |  5.9
Conjurations   | 5 6 |  6.0
Dodging        | |  2.4
Stealth        | |  2.4

Action                     |  1- 3 |  4- 6 || total
---------------------------+-------+-------++-------
  Melee: Unarmed           |     1 |       ||     1
   Cast: Magic Dart        |    84 |    48 ||   132
         Searing Ray       |     2 |    15 ||    17
    Use: Scroll            |       |     5 ||     5
 Armour: Robe              |     9 |    19 ||    28
  Dodge: Dodged            |    11 |    18 ||    29
  Block: Other             |       |    16 ||    16

Table legend: (Time is in decaauts)
 A = Elapsed time spent in this place.
 B = Non-inter-level travel time spent in this place.
 C = Inter-level travel time spent in this place.
 D = Time resting spent in this place.
 E = Time spent auto-exploring this place.
 F = Levels seen in this place.
 G = Mean time per level.
                   A        B        C        D        E       F      G
               +--------+--------+--------+--------+--------+-----+--------+
         Total |   3503 |   3315 |    188 |    528 |   2206 |   4 |  875.8 |
       Dungeon |   3503 |   3315 |    188 |    528 |   2206 |   4 |  875.8 |
               +--------+--------+--------+--------+--------+-----+--------+

Top non-repeatable levels by time:
     D:1: 1278 daAuts
     D:3: 1006 daAuts
     D:2: 785 daAuts
     D:4: 433 daAuts
